 Dungeon Crawl Stone Soup version 0.29.1-1-gd02db6906a (webtiles) character file.

Game seed: 8560480997075413469

156 raph the Grave Robber (level 5, -6/54 HPs)
             Began as a Demonspawn Necromancer on Oct 19, 2022.
             Mangled by a gnoll
             ... wielding a +0 flail
              (10 damage)
             ... on level 3 of the Dungeon.
             The game lasted 00:06:31 (4167 turns).

raph the Grave Robber (Demonspawn Necromancer)      Turns: 4167, Time: 00:06:31

Health: -6/54      AC:  6    Str:  9    XL:     5   Next: 15%
Magic:  0/9        EV: 12    Int: 18    God:
Gold:   117        SH:  0    Dex: 13    Spells: 4/9 levels left

rFire   . . .      SeeInvis .   q - +1 dagger (speed)
rCold   . . .      Faith    .   (no shield)
rNeg    . . .      Spirit   .   a - +1 robe
rPois   .          Reflect  .   o - +0 helmet
rElec   .          Harm     .   k - +0 cloak
rCorr   .          Rampage  .   (no gloves)
Will    .....                   (no boots)
Stlth   ..........              (no amulet)
HPRegen 0.18/turn               (no ring)
MPRegen 0.11/turn               (no ring)

@: berserking, very quick
A: rugged brown scales 1, powered by death 1
a: no special abilities


You were on level 3 of the Dungeon.
You visited 1 branch of the dungeon, and saw 4 of its levels.

You collected 117 gold pieces.

Inventory:

Hand Weapons
 e - a +0 whip
 q - a +1 dagger of speed (weapon)
Armour
 a - a +1 robe (worn)
 k - a +0 cloak (worn)
 o - a +0 helmet (worn)
Jewellery
 f - a ring of willpower
 i - a ring of fire
Scrolls
 d - 5 scrolls of identify
Potions
 g - 3 potions of curing
 j - a potion of brilliance {unknown}
 l - a potion of ambrosia {unknown}
 m - a potion of might {unknown}
 n - a potion of flight {unknown}
 p - a potion of degeneration {unknown}


   Skills:
 + Level 2.6 Dodging
 + Level 2.8 Stealth
 + Level 2.8 Spellcasting
 * Level 5.6 Necromancy


You had 4 spell levels left.
You knew the following spells:

 Your Spells              Type           Power      Damage    Failure   Level
a - Necrotise             Necr           88%        1d8       1%          1
b - Vampiric Draining     Necr           22%        2d7       4%          3
c - Summon Small Mammal   Summ           8%         N/A       17%         1

Your spell library contained the following spells:

 Spells                   Type           Power      Damage    Failure   Level
 Animate Dead             Necr           22%        N/A       16%         4
 Call Canine Familiar     Summ           2%         N/A       45%         3
 Summon Guardian Golem    Hex/Summ       2%         N/A       45%         3
 Agony                    Necr           22%        N/A       41%         5


Dungeon Overview and Level Annotations

Branches:
Dungeon (4/15)
 Temple: D:4-7

Altars:

Annotations:
D:4 2 transporters, JanusColdHeart's ghost, amateur TeCj


Innate Abilities, Weirdness & Mutations

You are partially covered in rugged brown scales. (AC +1, +3% HP)
You regenerate a little health from kills.


Message History

The orc barely misses you. Something hits you but does no damage.
Casting: Necrotise (safe; 1% risk of failure)
Confirm with . or Enter, or press ? or * to list all spells.
You don't have enough magic to cast this spell.
You barely miss something. The gnoll hits you with a +0 flail.
The gnoll hits your kobold with a +0 club.
Your kobold dies!
Your kobold's corpse dissolves into shadows!
The orc hits you with a +0 mace. Something hits you but does no damage.
Casting: Necrotise (safe; 1% risk of failure)
Confirm with . or Enter, or press ? or * to list all spells.
You don't have enough magic to cast this spell.
You hit the orc.
The orc is lightly wounded.
Your adder bites something but does no damage.
The gnoll completely misses you. Something hits you but does no damage.
The orc closely misses you.
You hit the orc.
The orc is moderately wounded.
Your adder bites something.
Your adder poisons something!
The gnoll hits you with a +0 flail.
You don't have enough magic to cast this spell.
You closely miss something. Your adder misses something. Something hits you.
The orc barely misses you.
You closely miss something. Your adder misses something. The gnoll misses you.
Something hits you.
* * * LOW HITPOINT WARNING * * *
The orc hits you but does no damage.
You hit the gnoll.
The gnoll is moderately wounded.
Your adder misses something. The gnoll hits you with a +0 flail!
* * * LOW HITPOINT WARNING * * *
It was a potion of berserk rage.
A red film seems to cover your vision as you go berserk!
You feel yourself moving faster!
You feel mighty!
You hear some strange, mumbled words.
Something tries to affect you, but you resist.
The orc closely misses you.
Your adder closely misses something.
The gnoll hits you with a +0 flail!
You die...

#..#..#.#.#.##......##..
#.........#.......#####.
##g#.#.####.##.##)# ##
#g#.#.# #......)# #
#.#.#.# ##.....## #
#.#.#.# #.....# #
##.#.#.## #.....# #
#....gog# #...<.# ####
#.##.##@# #.....# #...
#.##.##{# ####### #.##
#.##.##S# #.## #.##.##.#
#.## #.......###### #.##
#..........(.###### #...
#.##.#..###.......######
#.##.#..###..#..........
#>##...........##.######


You could see 2 gnolls, an orc and a friendly adder (summoned).

Vanquished Creatures
  Robin (D:3)
  2 gnolls
  6 adders
  An ufetubus (D:3)
  2 orcs
  2 ball pythons
  4 bats
  5 endoplasms (D:1)
  5 giant cockroaches
  8 goblins
  5 hobgoblins
  2 jackals (D:3)
  2 quokkas
  4 frilled lizards
  8 kobolds
  A rat (D:2)
58 creatures vanquished.

Vanquished Creatures (collateral kills)
  2 goblins (D:3)
  A hobgoblin (D:3)
  A quokka (D:2)
  2 bats (D:1)
6 creatures vanquished.

Vanquished Creatures (others)
  A fungus (D:1)
  4 plants (D:3)
5 creatures vanquished.

Grand Total: 69 creatures vanquished

Notes
Turn   | Place    | Note
-------+----------+-------------------------------------------
     0 | D:1      | raph the Demonspawn Necromancer began the quest for the
                  | Orb.
     0 | D:1      | Reached XP level 1. HP: 13/13 MP: 3/3
   467 | D:1      | Gained mutation: You regenerate a little health from kills.
                  | [demonic ancestry]
   467 | D:1      | Reached XP level 2. HP: 19/19 MP: 5/5
  1800 | D:2      | Gained mutation: You are partially covered in rugged brown
                  | scales. (AC +1, +3% HP) [demonic ancestry]
  1800 | D:2      | Reached XP level 3. HP: 16/24 MP: 2/6
  1804 | D:2      | Learned a level 3 spell: Vampiric Draining
  2097 | D:2      | Reached skill level 5 in Necromancy
  2196 | D:2      | Learned a level 1 spell: Summon Small Mammal
  2698 | D:3      | Noticed Robin
  2793 | D:2      | Reached XP level 4. HP: 18/30 MP: 1/7
  3483 | D:3      | Killed Robin
  3501 | D:4      | Found a transporter.
  3554 | D:4      | Found a transporter.
  3554 | D:4      | Noticed JanusColdHeart's ghost (amateur TeCj)
  3824 | D:3      | Reached XP level 5. HP: 36/36 MP: 0/9
  4167 | D:3      | Mangled by a gnoll

Illustrated notes

Levels and vault maps discovered:
D:1:      dpeg_arrival_water_fire, layout_basic
D:2:      layout_rooms, nrook_loot_triangle
D:3:      cheibrodos_old_hovel, layout_loops_cross, uniq_robin
D:4:      layout_rooms, portal_sewer_entry_d, gammafunk_ghost_arena,
          kennysheep_generic_room_5, uniq_edmund

Skill      XL: |  1  2  3 |
---------------+----------+-----
Stealth        | 2 |  2.8
Dodging        | 2 |  2.6
Necromancy     | 5 |  5.6
Spellcasting   | |  2.8

Action                   |  1- 3 |  4- 6 || total
-------------------------+-------+-------++-------
Melee: Whip              |    14 |     1 ||    15
       Unarmed           |     1 |       ||     1
       Dagger            |       |    29 ||    29
 Cast: Necrotise         |    56 |    41 ||    97
       Vampiric Draining |     1 |     5 ||     6
       Summon Small Mamm |       |     2 ||     2
  Use: Scroll            |     6 |     1 ||     7
       Potion            |     1 |     3 ||     4
 Stab: Sleeping          |     3 |     2 ||     5
Armor: Robe              |    16 |    37 ||    53
Dodge: Dodged            |    37 |    75 ||   112
